cohdb
Replays
Latest Replays
All Replays
Popular Replays
Top Player Replays
Match Explorer
How It Works
Community
CoH3 Stats
Reddit
Sign in to upload your games and track your stats! →
Sign in with Steam
Match 47295379
Unlisted
Match 47295379
Overview
Messages
Build Orders
End
Vickers Machine Gun Team
Construct Section Command Post
Dingo Light Scout Car
Infantry Section
Infantry Section
ML 3-inch Mortar Team
Grenade Package
Construct Platoon Command Post
Unlock Bishop Self-propelled Artillery
Bishop Self-propelled Artillery
Infantry Section
Infantry Training
Construct Field Infirmary
Construct Field Infirmary
Bishop Self-propelled Artillery
Royal Engineer Section
Construct Company Command Post
Unlock M3 Grant Medium Tanks
6-pounder Anti-tank Gun Team
Selects Air and Sea Battlegroup
Selects Supply Surplus
Selects UNKNOWN (223837)
Selects Assault Flares
Assault Flares
M3 Grant Medium Tank
RitraXP
whatbliss
乐乐
MOTA
KameradSchnürschuh
Delta™
Granaten Gulasch
EiXA
0
0
Comments
sign in to comment!
No comments posted yet!